 Dungeon Crawl Stone Soup version 0.30.0-5-g1a98f26d00 (webtiles) character file.

Game seed: 5612926846672122778

81 lastplaneout the Chopper (level 4, -3/39 HPs)
             Began as a Minotaur Fighter on May 10, 2023.
             Killed from afar by an orc wizard (11 damage)
             ... with a magic dart
             ... on level 3 of the Dungeon.
             The game lasted 00:03:05 (1301 turns).

lastplaneout the Chopper (Minotaur Fighter)         Turns: 1301, Time: 00:03:05

Health: -3/39      AC:  8    Str: 22    XL:     4   Next: 20%
Magic:  12/12      EV:  9    Int:  5    God:
Gold:   176        SH:  4    Dex: 10    Spells: 3/3 levels left

rFire   . . .        a - +0 war axe
rCold   . . .        c - +0 buckler
rNeg    + . .        b - +0 scale mail
rPois   .            (helmet restricted)
rElec   .            n - +0 cloak
rCorr   .            (no gloves)
SInv    .            (no boots)
Will    .....        (no amulet) Stlth
                     l - ring of magical power
HPRegen 0.26/turn    r - ring of positive energy
MPRegen 0.13/turn

%: no passive effects
@: no status effects
A: horns 2, retaliatory headbutt
a: no special abilities


You were on level 3 of the Dungeon.
You visited 1 branch of the dungeon, and saw 3 of its levels.

You collected 176 gold pieces.

Inventory:

Hand Weapons
 a - a +0 war axe (weapon)
 e - a +2 vampiric whip
Armour
 b - a +0 scale mail (worn)
 c - a +0 buckler (worn)
 n - a +0 cloak (worn)
Jewellery
 l - a ring of magical power (left hand)
 r - a ring of positive energy (right hand)
Wands
 p - a wand of light (7)
Scrolls
 f - a scroll of teleportation {unknown}
 k - 2 scrolls of immolation {unknown}
 m - a scroll of summoning {unknown}
 o - a scroll of identify {unknown}
 q - a scroll of magic mapping {unknown}
Potions
 d - a potion of might
 g - a potion of attraction {unknown}
 h - a potion of invisibility {unknown}
 i - a potion of curing {unknown}
 j - 2 potions of brilliance {unknown}


   Skills:
 - Level 3.6 Fighting
 - Level 0.1(0.3) Short Blades
 - Level 0.3(0.4) Long Blades
 + Level 4.2(4.3) Axes
 - Level 0.8(2.8) Maces & Flails
 - Level 0.3(0.6) Staves
 - Level 0.6 Throwing
 - Level 3.6 Armour
 - Level 3.6 Shields
 - Level 0.2 Necromancy
 - Level 0.1 Transmutations
 - Level 0.3 Ice Magic
 - Level 0.1 Earth Magic
 - Level 0.1 Poison Magic
 - Level 0.4 Invocations
 - Level 0.1 Evocations


You had 3 spell levels left.
You didn't know any spells.
Your spell library contained the following spells:

 Spells                   Type           Power      Damage    Failure   Level
 Fireball                 Conj/Fire      0%         3d3       100%        5
 Iskenderun's Battlesphe  Conj           0%         2d6       100%        5
 Conjure Ball Lightning   Conj/Air       0%         3x3d6     100%        6
 Orb of Destruction       Conj           0%         9d5       100%        7


Dungeon Overview and Level Annotations

Branches:
Dungeon (3/15)

Altars:
Hepliaklqana
Vehumet


Innate Abilities, Weirdness & Mutations

You have a pair of horns on your head.
You reflexively headbutt those who attack you in melee.


Message History

You hit the goblin.
You kill the goblin!
You miss something. Something hits you but does no damage.
You hear some strange, mumbled words.
A magic dart appears from out of thin air!
The magic dart hits you but does no damage.
You barely miss something. Something hits you but does no damage.
You miss something. Your headbutt misses something. Something hits you.
You hit something.
You hear some strange, mumbled words.
A puff of flame appears from out of thin air!
The puff of flame hits you! Something hits you but does no damage.
You closely miss something. Your headbutt misses something.
You hear some strange, mumbled words.
A magic dart appears from out of thin air!
The magic dart hits you.
You miss something. Your headbutt misses something. Something hits you.
You closely miss something. Something hits you.
You miss something. Your headbutt misses something.
Something hits you but does no damage. Something hits you.
You miss something. Something hits you but does no damage.
You closely miss something. Something hits you but does no damage.
You closely miss something. Your headbutt misses something.
You hear some strange, mumbled words.
A puff of flame appears from out of thin air!
The puff of flame hits you. Something hits you but does no damage.
You closely miss something. Your headbutt misses something. Something hits you.
You miss something. Something hits you.
You miss something. Something hits you.
* * * LOW HITPOINT WARNING * * *
You hear some strange, mumbled words.
A puff of flame appears from out of thin air!
The puff of flame hits you.
* * * LOW HITPOINT WARNING * * *
You miss something. Something hits you but does no damage.
You barely miss something.
You hear some strange, mumbled words.
A magic dart appears from out of thin air!
The magic dart hits you!
You die...

# ## #. .. ...
.# .... .# #...
.# .
#.##..###.##....
.......@{)...._.
#.##..####.#....
#. # . .. .[ ..
.


There were no monsters in sight!

Vanquished Creatures
  Jessica (D:2)
  An adder (D:3)
  2 orcs (D:3)
  7 endoplasms
  A giant cockroach (D:1)
  7 goblins
  A hobgoblin (D:1)
  5 kobolds
  A quokka (D:1)
  7 ball pythons
  4 bats (D:1)
  2 frilled lizards
  3 rats (D:1)
42 creatures vanquished.

Notes
Turn   | Place    | Note
-------+----------+-------------------------------------------
     0 | D:1      | lastplaneout the Minotaur Fighter began the quest for the
                  | Orb.
     0 | D:1      | Reached XP level 1. HP: 19/19 MP: 0/0
     0 | D:1      | Noticed a spriggan
     1 | D:1      | Noticed a felid
     4 | D:1      | Noticed a merfolk zombie
     8 | D:1      | Noticed a naga
    11 | D:1      | Noticed a draconian
    15 | D:1      | Noticed an ogre
    15 | D:1      | Noticed a gargoyle
    15 | D:1      | Noticed a minotaur skeleton
    17 | D:1      | Noticed a naga
    98 | D:1      | Reached XP level 2. HP: 22/26 MP: 1/1
   813 | D:2      | Reached XP level 3. HP: 25/31 MP: 2/2
   934 | D:2      | Found a radiant altar of Vehumet.
  1024 | D:2      | Noticed Jessica
  1029 | D:2      | Killed Jessica
  1030 | D:2      | Reached skill level 3 in Axes
  1120 | D:2      | Reached XP level 4. HP: 39/39 MP: 3/3
  1271 | D:3      | Found a hazy altar of Hepliaklqana.
  1280 | D:3      | Reached skill level 4 in Axes
  1301 | D:3      | Killed from afar by an orc wizard

Illustrated notes

Levels and vault maps discovered:
D:1:      shiori_arrival_whats_in_store_for_you, layout_basic,
          serial_corexii_hall, chequers_hall_statues_wall_a,
          chequers_hall_statues_wall_a
D:2:      layout_basic, basic_altar, uniq_jessica
D:3:      layout_loops_ring, nicolae_overflow_crystal_walls,
          fedhas_ov_isle_minmay, kennysheep_generic_room_5, uniq_robin,
          uniq_crazy_yiuf_cottage

Skill      XL: |  1  2  3  4 |
---------------+-------------+-----
Axes           | 3 4 |  4.2
Fighting       | |  3.6
Short Blades   | |  0.1
Long Blades    | |  0.3
Maces & Flails | |  0.8
Staves         | |  0.3
Throwing       | |  0.6
Armour         | |  3.6
Shields        | |  3.6
Necromancy     | |  0.2
Transmutations | |  0.1
Ice Magic      | |  0.3
Earth Magic    | |  0.1
Poison Magic   | |  0.1
Invocations    | |  0.4
Evocations     | |  0.1

Action                     |  1- 3 |  4- 6 || total
---------------------------+-------+-------++-------
  Melee: War axe           |    78 |    29 ||   107
         Headbutt          |    10 |       ||    10
 Armour: Scale mail        |    26 |    15 ||    41
  Dodge: Dodged            |    54 |    10 ||    64
  Block: Buckler           |    18 |     4 ||    22
